[Event "Titled Tuesday Blitz June 20 Early 2023"]
[White "Dwilewicz, Katarzyna"]
[Black "Hartikainen, Jarmo"]
[WhiteFideId "1148486"]
[BlackFideId "503134"]
[WhiteElo "2098"]
[BlackElo "2139"]
[Result "1-0"]
[Round "3"]
[TimeControl "180+2"]
[Date "2023.06.20"]
[WhiteClock "0:02:08"]
[BlackClock "0:01:00"]
[Board "226"]

1. e4 c5 2. Nf3 Nc6 3. Bb5 e6 4. O-O Nge7 5. Re1 a6 6. Bf1 b5 7. a4 b4 8. c3 a5 9. d4 cxd4 10. cxd4 d5 11. e5 Ng6 12. Bg5 Be7 13. Bxe7 Qxe7 14. Nbd2 O-O 15. Nb3 f6 16. Rc1 Bd7 17. exf6 Qxf6 18. Bb5 Rac8 19. Nc5 Qe7 20. Nxd7 Qxd7 21. Ng5 e5 22. Qh5 Qf5 23. Qxh7# 1-0


[Site "https://www.chess.com"]

[Event "Titled Tuesday Blitz June 20 Early 2023"]
[White "arenal72"]
[Black "Acosta Cruz, Oscar Yosimar"]
[BlackFideId "5111269"]
[WhiteElo "2361"]
[BlackElo "2147"]
[Result "1-0"]
[Round "3"]
[TimeControl "180+2"]
[Date "2023.06.20"]
[WhiteClock "0:02:18"]
[BlackClock "0:01:54"]
[Board "227"]

1. c4 b5 2. cxb5 a6 3. e4 Bb7 4. Nc3 e6 5. Nf3 Bb4 6. Qc2 Nf6 7. e5 Nd5 8. Nxd5 Bxd5 9. a3 Ba5 10. b4 Bb6 11. Be2 g5 12. h3 h5 13. d4 Rg8 14. Qh7 Kf8 15. Qh6+ Ke8 16. Bxg5 Qc8 17. Qh7 Rf8 18. Bh6 Nc6 19. Bxf8 Kxf8 20. bxc6 1-0


[Site "https://www.chess.com"]

[Event "Titled Tuesday Blitz June 20 Early 2023"]
[White "Jaivardhan Raj"]
[Black "Rosenberg, Evan S"]
[WhiteFideId "25744437"]
[BlackFideId "2019299"]
[WhiteElo "1772"]
[BlackElo "2341"]
[Result "0-1"]
[Round "3"]
[TimeControl "180+2"]
[Date "2023.06.20"]
[WhiteClock "0:00:05"]
[BlackClock "0:00:06"]
[Board "228"]

1. e4 c5 2. Nf3 g6 3. d4 cxd4 4. Qxd4 Nf6 5. Nc3 Nc6 6. Qa4 d6 7. e5 dxe5 8. Nxe5 Bd7 9. Nxd7 Nxd7 10. Be3 Bg7 11. Be2 O-O 12. O-O-O Bxc3 13. bxc3 Qc7 14. h4 Nb6 15. Qb3 Na5 16. Qb4 Nac4 17. Bh6 Rfe8 18. h5 Rac8 19. hxg6 hxg6 20. Rh4 Qc5 21. Rdh1 a5 22. Qxc5 Rxc5 23. Bxc4 Rxc4 24. Bf4 Rxf4 25. Rxf4 Rc8 26. Rh3 Kg7 27. Rd4 e5 28. Rd6 Nc4 29. Rd7 b5 30. Rf3 Rf8 31. g4 e4 32. Rf4 e3 33. fxe3 Nxe3 34. Rb7 Nd5 35. Rf3 b4 36. c4 Nc3 37. Ra7 a4 38. c5 Nxa2+ 39. Kb2 Nc3 40. c6 a3+ 41. Kb3 Rc8 42. Rfxf7+ Kh6 43. Rh7+ Kg5 44. Rac7 Rb8 45. Rb7 Rc8 46. c7 a2 47. Ra7 Kxg4 48. Rd7 g5 49. Rd8 Rxc7 50. Rd4+ Kf3 51. Rd3+ Ke2 52. Rxc3 Rxc3+ 53. Kxb4 Rxc2 54. Rc7 Rxc7 55. Kb3 Re7 56. Kxa2 g4 57. Kb3 g3 58. Kb4 g2 59. Kc5 g1=Q+ 60. Kd6 Qg7 61. Kd5 Qe5+ 62. Kc6 Rc7+ 63. Kb6 Qc5+ 64. Ka6 Ra7# 0-1


[Site "https://www.chess.com"]

[Event "Titled Tuesday Blitz June 20 Early 2023"]
[White "Floresvillar Gonzalez, Luis Migu"]
[Black "Ovezdurdyyeva, Jemal"]
[WhiteFideId "5100542"]
[BlackFideId "14001888"]
[WhiteElo "2040"]
[BlackElo "2069"]
[Result "0-1"]
[Round "3"]
[TimeControl "180+2"]
[Date "2023.06.20"]
[WhiteClock "0:00:00"]
[BlackClock "0:00:05"]
[Board "229"]

1. d4 d6 2. c3 f5 3. Nf3 Nf6 4. Qc2 g6 5. Bg5 Bg7 6. Nbd2 O-O 7. e4 fxe4 8. Nxe4 Bf5 9. Nxf6+ exf6 10. Qb3+ Kh8 11. Be3 Be4 12. Be2 Nd7 13. O-O f5 14. Bg5 Qe8 15. Rfe1 h6 16. Bd2 Qd8 17. Rad1 Nb6 18. a4 a5 19. Bc1 Bc6 20. Bb5 Bxf3 21. gxf3 Qh4 22. Kg2 f4 23. Re6 Kh7 24. Rde1 Rf5 25. Kf1 Qxh2 26. Ke2 Bf6 27. Bd3 Bh4 28. Bxf5 Qxf2+ 29. Kd3 Qxf3+ 30. Kc2 gxf5 31. Re7+ Bxe7 32. Rxe7+ Kg6 33. Qf7+ Kg5 34. Qg7+ Kh5 35. Qg1 Qg4 36. Qh2+ Kg6 37. Bxf4 h5 38. Bd2 Nd5 39. Re2 Kf6 40. Rg2 Qe4+ 41. Kc1 Rh8 42. Bg5+ Kf7 43. Re2 Qg4 44. Qf2 h4 45. Bd2 h3 46. Qh2 Rg8 0-1


[Site "https://www.chess.com"]

[Event "Titled Tuesday Blitz June 20 Early 2023"]
[White "Marin Masis, Jose Esteban"]
[Black "Shapiro, Daniel"]
[WhiteFideId "6508146"]
[BlackFideId "2001780"]
[WhiteElo "1838"]
[BlackElo "2330"]
[Result "0-1"]
[Round "3"]
[TimeControl "180+2"]
[Date "2023.06.20"]
[WhiteClock "0:00:16"]
[BlackClock "0:00:16"]
[Board "230"]

1. e4 e5 2. Nf3 Nc6 3. Bb5 a6 4. Ba4 Nf6 5. d3 b5 6. Bb3 Bd6 7. O-O h6 8. a4 Bb7 9. Nbd2 O-O 10. Re1 Re8 11. Nh4 Bf8 12. Nf5 d5 13. exd5 Na5 14. axb5 Nxb3 15. Nxb3 Qxd5 16. Ne3 Qxb5 17. Ra5 Qc6 18. Ra1 Bc8 19. h3 Be6 20. Na5 Qb5 21. Nac4 e4 22. Ra5 Qb7 23. Ra1 Rad8 24. d4 c5 25. c3 cxd4 26. cxd4 Bc5 27. Na5 Qc7 28. d5 Nxd5 29. Nxd5 Bxd5 30. Qh5 Bb4 31. Bxh6 Bxe1 32. Qh4 0-1


[Site "https://www.chess.com"]

[Event "Titled Tuesday Blitz June 20 Early 2023"]
[White "Winkels, Marcel"]
[Black "Mayaud, Raphael"]
[WhiteFideId "1003887"]
[BlackFideId "627151"]
[WhiteElo "1900"]
[BlackElo "2191"]
[Result "1-0"]
[Round "3"]
[TimeControl "180+2"]
[Date "2023.06.20"]
[WhiteClock "0:00:45"]
[BlackClock "0:00:08"]
[Board "231"]

1. e4 d5 2. exd5 Qxd5 3. Nc3 Qa5 4. d4 c6 5. Nf3 Nf6 6. Bc4 Bf5 7. Bd2 e6 8. Qe2 Bb4 9. a3 Nbd7 10. O-O Bxc3 11. Bxc3 Qc7 12. Ne5 Nxe5 13. dxe5 Nd5 14. Bd4 b6 15. f4 h5 16. Bd3 g6 17. Bxf5 gxf5 18. c4 Ne7 19. Rad1 c5 20. Be3 Rd8 21. Rd2 Rxd2 22. Qxd2 Qd7 23. Rd1 Qxd2 24. Rxd2 Nc8 25. Kf2 Ke7 26. b4 cxb4 27. axb4 Rd8 28. Ke2 Rxd2+ 29. Kxd2 Kd7 30. Kc3 Kc6 31. b5+ Kc7 32. c5 bxc5 33. Bxc5 Kb7 34. Kc4 a6 35. h4 Nb6+ 36. Bxb6 Kxb6 37. bxa6 Kxa6 38. Kc5 Kb7 39. Kd6 Kb6 40. Ke7 Kc5 41. Kxf7 Kd5 42. Kf6 Ke4 43. Kxe6 Kxf4 44. Kf6 Kg4 45. e6 f4 46. e7 Kg3 47. e8=Q Kxg2 48. Qe4+ f3 49. Kg5 Kg3 50. Kxh5 f2 51. Qe3+ Kg2 52. Qe2 Kg3 53. Qf1 Kh2 54. Kg5 Kg3 55. h5 1-0


[Site "https://www.chess.com"]

[Event "Titled Tuesday Blitz June 20 Early 2023"]
[White "Sailer, Mike"]
[Black "Afanasieva, Alexandra"]
[WhiteFideId "2012901"]
[BlackFideId "34126926"]
[WhiteElo "2109"]
[BlackElo "1736"]
[Result "0-1"]
[Round "3"]
[TimeControl "180+2"]
[Date "2023.06.20"]
[WhiteClock "0:00:00"]
[BlackClock "0:00:14"]
[Board "232"]

1. d4 Nf6 2. Nc3 d5 3. Bf4 c5 4. e4 dxe4 5. d5 a6 6. f3 Bf5 7. g4 Bg6 8. h4 h6 9. Bg2 Qa5 10. g5 hxg5 11. hxg5 Rxh1 12. Bxh1 Nh5 13. Bd2 Qc7 14. f4 Nxf4 15. Qg4 Nh5 16. O-O-O Nd7 17. Bxe4 Ne5 18. Qg2 O-O-O 19. Bxg6 Nxg6 20. Qh3+ Kb8 21. Qxh5 b5 22. Nf3 b4 23. Ne4 Rxd5 24. Qg4 e6 25. Nf2 Bd6 26. Nd3 a5 27. b3 a4 28. Be3 axb3 29. axb3 Qa5 30. Kb2 Qa3+ 31. Kb1 c4 32. Bc1 Qa7 33. Qxc4 Rc5 34. Qd4 Rd5 35. Qxa7+ Kxa7 36. Bd2 Kb6 37. Re1 Kb5 38. Kb2 Ne7 39. Re4 Nc6 0-1


[Site "https://www.chess.com"]

[Event "Titled Tuesday Blitz June 20 Early 2023"]
[White "Blackwhite017"]
[Black "Martin, Lewis"]
[BlackFideId "410551"]
[WhiteElo "2110"]
[BlackElo "2145"]
[Result "1-0"]
[Round "3"]
[TimeControl "180+2"]
[Date "2023.06.20"]
[WhiteClock "0:00:34"]
[BlackClock "0:00:50"]
[Board "233"]

1. e4 c5 2. Nf3 d6 3. d4 cxd4 4. Nxd4 Nf6 5. Nc3 a6 6. Bg5 e6 7. f4 b5 8. Qf3 Bb7 9. Bd3 Nbd7 10. O-O-O Be7 11. g4 Rc8 12. Rhe1 O-O 13. Bxf6 Nxf6 14. g5 Nd7 15. Nce2 Nc5 16. Kb1 f6 17. h4 fxg5 18. hxg5 Bxg5 19. Qg4 Bf6 20. Nxe6 Qd7 21. f5 Nxe6 22. fxe6 Qe7 23. Nf4 Rc5 24. Nd5 Qe8 25. Rh1 Bc8 26. e5 Bxe6 27. Bxh7+ 1-0


[Site "https://www.chess.com"]

[Event "Titled Tuesday Blitz June 20 Early 2023"]
[White "Vaglio Munoz, Jaime"]
[Black "Milovic, Aleksandra"]
[WhiteFideId "6500145"]
[BlackFideId "933988"]
[WhiteElo "2199"]
[BlackElo "2000"]
[Result "1-0"]
[Round "3"]
[TimeControl "180+2"]
[Date "2023.06.20"]
[WhiteClock "0:00:44"]
[BlackClock "0:00:00"]
[Board "234"]

1. Nf3 d5 2. Ng1 e6 3. Nf3 Nf6 4. b3 Bd6 5. Bb2 O-O 6. c4 c5 7. cxd5 exd5 8. d3 Nc6 9. g3 h6 10. Bg2 Be6 11. O-O Qd7 12. Nc3 Bh3 13. Re1 Bxg2 14. Kxg2 d4 15. Nb5 a6 16. Nxd6 Qxd6 17. Rc1 b6 18. Nd2 Rfe8 19. Nc4 Qc7 20. a4 Ne5 21. Nd2 Qc6+ 22. Kg1 Qe6 23. f3 Qh3 24. Nf1 Re7 25. a5 Rae8 26. axb6 Nxf3+ 27. exf3 Rxe1 28. Qxe1 Rxe1 29. Rxe1 Qc8 30. Re7 Nd5 31. b7 Qb8 32. Rd7 Nb4 33. Bc1 Nxd3 34. Bd2 Ne5 35. Re7 Kf8 36. Rxe5 Qxb7 37. Rxc5 Qxb3 38. Rc8+ Ke7 39. Bf4 Qxf3 40. Nd2 Qd1+ 41. Kf2 g5 42. Rc7+ Kd8 43. Nf3 gxf4 44. Rxf7 Qc2+ 45. Kf1 Qb1+ 46. Ne1 d3 47. Rxf4 d2 48. Rd4+ Ke7 49. Rxd2 a5 50. Re2+ Kd6 51. Kf2 a4 52. Nf3 a3 53. Nd4 Qb6 54. Rd2 Ke5 55. Ke3 Qxd4+ 56. Rxd4 a2 57. Ra4 a1=Q 58. Rxa1 1-0


[Site "https://www.chess.com"]

[Event "Titled Tuesday Blitz June 20 Early 2023"]
[White "Semenova, Alina"]
[Black "Kohler, Aran"]
[WhiteFideId "24113875"]
[BlackFideId "1002856"]
[WhiteElo "1833"]
[BlackElo "2316"]
[Result "1-0"]
[Round "3"]
[TimeControl "180+2"]
[Date "2023.06.20"]
[WhiteClock "0:00:39"]
[BlackClock "0:00:09"]
[Board "235"]

1. e4 c5 2. Nf3 Nc6 3. d4 cxd4 4. Nxd4 Nf6 5. Nc3 e5 6. Ndb5 d6 7. Bg5 a6 8. Na3 b5 9. Nd5 Be7 10. Bxf6 gxf6 11. c4 b4 12. Nc2 a5 13. a3 Rb8 14. g3 Be6 15. Nce3 Nd4 16. axb4 axb4 17. Ra7 Nc6 18. Ra6 Bd7 19. Nf5 Bxf5 20. exf5 Qc8 21. Qa4 O-O 22. Qxc6 Bd8 23. Bd3 e4 24. Bxe4 b3 25. O-O Qxc6 26. Rxc6 Ba5 27. Nxf6+ Kg7 28. Nd7 Rfc8 29. Nxb8 Rxb8 30. Rxd6 1-0


[Site "https://www.chess.com"]

[Event "Titled Tuesday Blitz June 20 Early 2023"]
[White "Vifleemskaia, Svetlana"]
[Black "Saim, Mohamed Ilias"]
[WhiteFideId "4129490"]
[BlackFideId "7900465"]
[WhiteElo "1930"]
[BlackElo "2063"]
[Result "1-0"]
[Round "3"]
[TimeControl "180+2"]
[Date "2023.06.20"]
[WhiteClock "0:01:31"]
[BlackClock "0:00:01"]
[Board "236"]

1. d4 Nf6 2. c4 c5 3. d5 e6 4. Nc3 exd5 5. cxd5 d6 6. e4 g6 7. Nge2 Bg7 8. Ng3 O-O 9. Be2 Re8 10. O-O Nbd7 11. Bf4 Ne5 12. Qd2 a6 13. a4 b6 14. Bh6 Bh8 15. Bg5 Qc7 16. Rac1 Bb7 17. b4 Rab8 18. b5 axb5 19. Nxb5 Qd8 20. f4 Ned7 21. Nxd6 Qe7 22. Nxe8 Qxe8 23. Bf3 Ra8 24. e5 Nh5 25. Nxh5 gxh5 26. Bxh5 Rxa4 27. e6 Qa8 28. exd7 f6 29. Bh6 Bxd5 30. Rfe1 Ra2 31. Re8+ 1-0


[Site "https://www.chess.com"]

[Event "Titled Tuesday Blitz June 20 Early 2023"]
[White "Goughfather"]
[Black "Jiganchine, Roman"]
[BlackFideId "2603667"]
[WhiteElo "2006"]
[BlackElo "2311"]
[Result "0-1"]
[Round "3"]
[TimeControl "180+2"]
[Date "2023.06.20"]
[WhiteClock "0:00:00"]
[BlackClock "0:00:19"]
[Board "237"]

1. d4 d5 2. Nc3 Nf6 3. Bf4 e6 4. Nb5 Na6 5. e3 Be7 6. Nf3 O-O 7. Ne5 h6 8. g4 c6 9. Nc3 c5 10. Bxa6 bxa6 11. Nc6 Qd7 12. Nxe7+ Qxe7 13. g5 Nh7 14. gxh6 g5 15. Qg4 Kh8 16. Qg3 Rg8 17. Bd6 Qb7 18. O-O-O Bd7 19. Qf3 f6 20. Be7 Rg6 21. h4 g4 22. Qf4 Be8 23. Bxc5 Rb8 24. b3 Rc8 25. h5 Rg5 26. f3 e5 27. Qh2 gxf3 28. Rhg1 Qc7 29. Rxg5 Nxg5 30. Qg3 Bxh5 31. Nxd5 Qf7 32. Nc3 f2 33. Rf1 e4 34. Qxf2 Bf3 35. Nd1 a5 36. Nb2 a4 37. Nc4 axb3 38. axb3 a5 39. Nd6 Qe6 40. Nxc8 Qxc8 41. Qd2 Qa6 42. Rg1 Kh7 43. Qc3 a4 44. bxa4 Qxa4 45. Qb3 Qa6 46. Qb6 Qa1+ 47. Qb1 Qa6 48. Qb3 Qa1+ 0-1


[Site "https://www.chess.com"]

[Event "Titled Tuesday Blitz June 20 Early 2023"]
[White "Zhukov, Maksim"]
[Black "Porat, Tori"]
[WhiteFideId "34181790"]
[BlackFideId "30982626"]
[WhiteElo "1925"]
[BlackElo "1752"]
[Result "1-0"]
[Round "3"]
[TimeControl "180+2"]
[Date "2023.06.20"]
[WhiteClock "0:01:46"]
[BlackClock "0:00:16"]
[Board "238"]

1. e4 c5 2. Nf3 Nc6 3. d4 cxd4 4. Nxd4 e5 5. Nb5 d6 6. c4 Nf6 7. N1c3 a6 8. Na3 Be7 9. Be2 Be6 10. Be3 O-O 11. O-O Rb8 12. Rc1 Nd7 13. Nd5 f5 14. Nxe7+ Qxe7 15. f3 Nf6 16. Bd3 Nb4 17. exf5 Bd7 18. Bb1 h6 19. Qd2 Nc6 20. Rfd1 Ne8 21. c5 Bxf5 22. cxd6 Qd7 23. Bxf5 Rxf5 24. Nc4 Rf6 25. Qd5+ Kh8 26. Nb6 Qxd6 27. Nd7 Qxd5 28. Rxd5 Rd8 29. Nxf6 Nxf6 30. Rxd8+ Nxd8 31. Rc8 1-0


[Site "https://www.chess.com"]

[Event "Titled Tuesday Blitz June 20 Early 2023"]
[White "Samaganova, Aleksandra"]
[Black "Better_Chess_Faster"]
[WhiteFideId "13800221"]
[WhiteElo "1858"]
[BlackElo "2003"]
[Result "1-0"]
[Round "3"]
[TimeControl "180+2"]
[Date "2023.06.20"]
[WhiteClock "0:00:05"]
[BlackClock "0:00:05"]
[Board "239"]

1. c4 c5 2. Nc3 Nf6 3. Nf3 Nc6 4. e3 e6 5. d4 cxd4 6. exd4 d5 7. cxd5 Nxd5 8. Bd3 Be7 9. O-O O-O 10. Re1 Bf6 11. Be4 Ndb4 12. a3 Na6 13. Be3 Nc7 14. Qc2 g6 15. Rad1 Bd7 16. d5 Nxd5 17. Nxd5 exd5 18. Bxd5 Rc8 19. Qb1 Qc7 20. h3 Bf5 21. Qa2 a6 22. b4 Ne5 23. Bc5 Nxf3+ 24. Bxf3 Rfe8 25. Rxe8+ Rxe8 26. Bd6 Qb6 27. Bg3 Be6 28. Qb1 Rd8 29. Qc2 Bf5 30. Qc1 Rxd1+ 31. Qxd1 Bd4 32. Qd2 Kg7 33. Kh2 Bf6 34. Bf4 h5 35. Bg3 Be6 36. Bf4 Qb5 37. Bh6+ Kh7 38. Be3 Be5+ 39. g3 h4 40. Kg2 hxg3 41. fxg3 b6 42. h4 a5 43. Bf2 axb4 44. Qxb4 Qxb4 45. axb4 b5 46. Bc6 Bc4 47. Bc5 Bc3 48. Kf3 Kg7 49. g4 Be1 50. h5 gxh5 51. gxh5 Bc3 52. Kg4 Be2+ 53. Kh4 Kh6 54. Be3+ Kh7 55. Be4+ Kg7 56. h6+ Kh8 57. h7 Bxb4 58. Bd4+ f6 59. Bxf6# 1-0


[Site "https://www.chess.com"]

[Event "Titled Tuesday Blitz June 20 Early 2023"]
[White "mestrefeitosa19"]
[Black "Lohani, Sujana"]
[BlackFideId "12311987"]
[WhiteElo "2305"]
[BlackElo "1718"]
[Result "1-0"]
[Round "3"]
[TimeControl "180+2"]
[Date "2023.06.20"]
[WhiteClock "0:00:04"]
[BlackClock "0:00:00"]
[Board "240"]

1. c4 c5 2. Nc3 Nc6 3. Nf3 Nf6 4. d4 cxd4 5. Nxd4 g6 6. e4 Bg7 7. Be2 O-O 8. O-O Qc7 9. Be3 Qe5 10. f4 Qc5 11. Nf5 Qb4 12. Nxg7 Kxg7 13. Nd5 Qxb2 14. e5 Ne4 15. e6 dxe6 16. Nxe7 Nc3 17. Bd4+ Nxd4 18. Qxd4+ f6 19. Bf3 Ne2+ 20. Bxe2 Qxd4+ 21. Kh1 Qc5 22. Nxc8 Raxc8 23. Bf3 Rc7 24. Rfc1 Rd8 25. h3 Rd4 26. Be2 Rxf4 27. Rab1 Rf2 28. Bg4 Qe5 29. Re1 Qg3 30. Bf3 e5 31. Re3 Qf4 32. Reb3 b6 33. Rd1 Qxc4 34. Rbd3 Kh6 35. Kh2 Qxa2 36. Re3 Rcc2 37. Rg1 Qb2 38. Re4 Qc3 39. Rh4+ Kg7 40. Ba8 Qe3 41. Re4 Qc3 42. Ree1 g5 43. Rd1 Rfd2 44. Rdf1 h5 45. Rf5 g4 46. hxg4 hxg4 47. Rgf1 g3+ 48. Kh3 Rd6 49. Rh5 Qe3 50. Rh4 Qg5 51. Rg4 Rc4 52. Rxg5+ fxg5 53. Kxg3 Rd3+ 54. Kh2 Rh4+ 55. Kg1 Rf4 56. Re1 e4 57. Bxe4 Rxe4 58. Rxe4 Rd2 59. Re7+ Kg6 60. Rxa7 Rd6 61. Rb7 Kf5 62. Kh2 Ke4 63. Re7+ Kf4 64. Rf7+ Kg4 65. Rb7 Re6 66. Rc7 Kf4 67. Rc4+ Ke3 68. Rb4 g4 69. Kg3 Re5 70. Rb3+ Ke4 71. Rxb6 Kf5 72. Rb4 Kg5 73. Rxg4+ Kf5 74. Rf4+ Kg5 75. Ra4 Kf5 76. Rb4 Kg5 77. Kh3 Kf5 78. Rh4 Kg5 79. Rh8 Kf5 80. Rg8 Re6 81. g4+ 1-0


[Site "https://www.chess.com"]

[Event "Titled Tuesday Blitz June 20 Early 2023"]
[White "Skiadopoulos, Nikolaos"]
[Black "MunichMouse"]
[WhiteFideId "4200772"]
[WhiteElo "2022"]
[BlackElo "2303"]
[Result "1/2-1/2"]
[Round "3"]
[TimeControl "180+2"]
[Date "2023.06.20"]
[WhiteClock "0:00:15"]
[BlackClock "0:00:50"]
[Board "241"]

1. b4 e5 2. Bb2 Bxb4 3. Bxe5 Nf6 4. c4 O-O 5. a3 Nc6 6. Bc3 Be7 7. Nf3 d5 8. e3 Bg4 9. Be2 dxc4 10. O-O b5 11. h3 Bf5 12. Bxf6 Bxf6 13. Nc3 a6 14. Ra2 Bd3 15. Ne1 Bxe2 16. Nxe2 Ne5 17. f4 Nd3 18. Nxd3 Qxd3 19. Nc1 Qe4 20. Qe2 Rad8 21. g4 Rfe8 22. g5 Bd4 23. Qg4 Bc5 24. Kh2 Rd5 25. Qg2 Qxg2+ 26. Kxg2 Red8 27. Rf2 g6 28. Kf3 f5 29. h4 a5 30. Rc2 a4 31. d4 Bxa3 32. Na2 c5 33. Nc3 cxd4 34. Nxd5 Rxd5 35. exd4 Rxd4 36. Rfe2 Bc5 37. h5 Rd3+ 38. Kg2 Bd6 39. hxg6 hxg6 40. Re6 Kf7 41. Rf6+ Kg7 42. Re2 c3 43. Ree6 c2 44. Rxg6+ Kf7 45. Rgf6+ Kg7 46. Rg6+ Kf7 47. Rgf6+ Kg7 48. Rg6+ 1/2-1/2


[Site "https://www.chess.com"]

[Event "Titled Tuesday Blitz June 20 Early 2023"]
[White "Sjugirov, Sanan"]
[Black "Carlsen, Magnus"]
[WhiteFideId "4189302"]
[BlackFideId "1503014"]
[WhiteElo "2569"]
[BlackElo "2858"]
[Result "0-1"]
[Round "4"]
[TimeControl "180+2"]
[Date "2023.06.20"]
[WhiteClock "0:00:00"]
[BlackClock "0:00:19"]
[Board "1"]

1. e4 d5 2. exd5 Qxd5 3. Nc3 Qd6 4. d4 Nf6 5. Nf3 a6 6. g3 b5 7. Bg2 Bb7 8. O-O e6 9. Bf4 Qb6 10. a4 b4 11. a5 Qa7 12. Na4 Nbd7 13. Bxc7 Rc8 14. Bf4 Be7 15. Ne5 Bxg2 16. Kxg2 O-O 17. Nxd7 Qxd7 18. Nb6 Qc6+ 19. Kg1 Rcd8 20. Qd3 Nd5 21. Be3 h5 22. c4 bxc3 23. bxc3 Qxc3 24. Rfd1 Qxd3 25. Rxd3 h4 26. Kg2 Rd6 27. Rb3 Bf6 28. Rc1 Rfd8 29. Rc4 Kh7 30. Kf3 Kg6 31. Kg2 Ne7 32. Rc2 Nf5 33. Nc4 Rd5 34. g4 Nxd4 35. Bxd4 Rxd4 36. h3 R8d5 37. Ne3 Rxa5 38. Rb7 Bg5 39. Rcc7 Bxe3 40. fxe3 Rd2+ 41. Kf3 Raa2 0-1


[Site "https://www.chess.com"]

[Event "Titled Tuesday Blitz June 20 Early 2023"]
[White "Nakamura, Hikaru"]
[Black "Baskakov, Egor"]
[WhiteFideId "2016192"]
[BlackFideId "24197866"]
[WhiteElo "2874"]
[BlackElo "2225"]
[Result "1-0"]
[Round "4"]
[TimeControl "180+2"]
[Date "2023.06.20"]
[WhiteClock "0:01:24"]
[BlackClock "0:01:24"]
[Board "2"]

1. Nf3 Nf6 2. b3 e6 3. Bb2 d5 4. e3 Be7 5. c4 O-O 6. d4 Ne4 7. Bd3 f5 8. O-O c6 9. Ba3 Bd7 10. Bxe7 Qxe7 11. a4 Be8 12. Ne5 Nd7 13. Nxd7 Qxd7 14. Nd2 Nxd2 15. Qxd2 g5 16. b4 f4 17. exf4 Rxf4 18. g3 Rxd4 19. Bxh7+ Qxh7 20. Qxd4 Bg6 21. cxd5 cxd5 22. Rac1 Rf8 23. Qe5 Bf5 24. Rc7 Qh6 25. Rfc1 Be4 26. Rc8 g4 27. Rxf8+ Kxf8 28. Rc8+ Kf7 29. Rc7+ Kf8 30. h4 gxh3 31. Kh2 Kg8 32. Rxb7 1-0


[Site "https://www.chess.com"]

[Event "Titled Tuesday Blitz June 20 Early 2023"]
[White "Henriquez Villagra, Cristobal"]
[Black "Nihal Sarin"]
[WhiteFideId "3409350"]
[BlackFideId "25092340"]
[WhiteElo "2542"]
[BlackElo "2689"]
[Result "0-1"]
[Round "4"]
[TimeControl "180+2"]
[Date "2023.06.20"]
[WhiteClock "0:00:04"]
[BlackClock "0:00:05"]
[Board "3"]

1. e4 d6 2. d4 Nf6 3. Nc3 e5 4. Nf3 exd4 5. Nxd4 Be7 6. Be2 O-O 7. Bf4 Re8 8. Qd2 Bf8 9. O-O-O Nxe4 10. Nxe4 Rxe4 11. Bf3 Re8 12. Rhe1 Nd7 13. Bg5 Be7 14. Rxe7 Rxe7 15. Nf5 f6 16. Nxe7+ Qxe7 17. Bd5+ Kh8 18. Re1 Qf8 19. Bh4 Nb6 20. Bf3 Nc4 21. Qc3 Ne5 22. Qxc7 Nxf3 23. gxf3 Bf5 24. c3 Re8 25. Rxe8 Qxe8 26. Qxd6 h6 27. Qd1 Qe6 28. b3 Qe5 29. Kb2 Qxh2 30. Bg3 Qg2 31. Qd5 Bg6 32. Qxb7 Kh7 33. a4 a5 34. b4 Qf1 35. Kb3 Qb1+ 36. Kc4 Qd3+ 37. Kc5 Qxc3+ 38. Kd6 axb4 39. a5 b3 40. a6 b2 41. a7 Qa3+ 42. Kc7 b1=Q 0-1


[Site "https://www.chess.com"]

[Event "Titled Tuesday Blitz June 20 Early 2023"]
[White "Vachier-Lagrave, Maxime"]
[Black "Ibarra Jerez, Jose Carlos"]
[WhiteFideId "623539"]
[BlackFideId "2226332"]
[WhiteElo "2739"]
[BlackElo "2631"]
[Result "1-0"]
[Round "4"]
[TimeControl "180+2"]
[Date "2023.06.20"]
[WhiteClock "0:00:55"]
[BlackClock "0:00:00"]
[Board "4"]

1. d4 Nf6 2. c4 d6 3. Nf3 g6 4. e3 Bg7 5. Be2 O-O 6. O-O Nbd7 7. b3 e5 8. Bb2 e4 9. Nfd2 h5 10. Nc3 Re8 11. Qc2 Qe7 12. Rae1 Nf8 13. f3 exf3 14. Bxf3 c5 15. Qd1 N8h7 16. Nd5 Nxd5 17. Bxd5 Nf6 18. e4 Nxd5 19. exd5 Qd8 20. Qa1 Rxe1 21. Rxe1 Bf5 22. dxc5 Bxb2 23. Qxb2 dxc5 24. Nf3 Qd6 25. Qd2 a6 26. Qh6 Qf8 27. Qe3 b5 28. Qe5 bxc4 29. bxc4 Bd7 30. Qc7 Bg4 31. Ne5 Rc8 32. Qa5 Qd6 33. Nc6 Kg7 34. Qxa6 Bd7 35. Qb7 Rc7 36. Qb2+ Qf6 37. Ne5 Bf5 38. a4 Ra7 39. Qa1 Kh7 40. a5 Qh4 41. Nc6 Rb7 42. Rf1 Bd3 43. a6 Rd7 44. a7 Bxf1 45. a8=Q 1-0


[Site "https://www.chess.com"]

[Event "Titled Tuesday Blitz June 20 Early 2023"]
[White "Pap, Gyula"]
[Black "Martinez Alcantara, Jose Eduardo"]
[WhiteFideId "725323"]
[BlackFideId "3805662"]
[WhiteElo "2519"]
[BlackElo "2711"]
[Result "1/2-1/2"]
[Round "4"]
[TimeControl "180+2"]
[Date "2023.06.20"]
[WhiteClock "0:00:27"]
[BlackClock "0:01:11"]
[Board "5"]

1. d4 Nf6 2. c4 e6 3. Nc3 Bb4 4. Qb3 a5 5. a3 Bxc3+ 6. Qxc3 b6 7. e3 a4 8. Bd3 Bb7 9. Ne2 c5 10. O-O O-O 11. Rd1 Qc7 12. f3 d5 13. cxd5 exd5 14. Bd2 Nbd7 15. Rac1 Rfe8 16. Bb1 Qd6 17. Be1 Qe7 18. Bf2 Rac8 19. Qd2 Bc6 20. Bd3 h6 21. Ng3 g6 22. Re1 Qd6 23. Bb1 Kg7 24. Red1 Re6 25. Bf5 Re7 26. Bxd7 Bxd7 27. dxc5 bxc5 28. Ne4 Nxe4 29. fxe4 Rxe4 30. Qxd5 Qxd5 31. Rxd5 Be6 32. Rdxc5 Rxc5 33. Rxc5 Rc4 34. Rxc4 Bxc4 35. Be1 Kf6 36. Kf2 Kf5 37. Bc3 Ke4 38. h4 h5 39. g3 Bb5 40. Bf6 Bc4 41. Bc3 Bb5 42. Bb4 Bc4 43. Bc3 1/2-1/2


[Site "https://www.chess.com"]

[Event "Titled Tuesday Blitz June 20 Early 2023"]
[White "Sadhwani, Raunak"]
[Black "Galchenko, Matvey"]
[WhiteFideId "35093487"]
[BlackFideId "24175480"]
[WhiteElo "2631"]
[BlackElo "2423"]
[Result "1-0"]
[Round "4"]
[TimeControl "180+2"]
[Date "2023.06.20"]
[WhiteClock "0:01:43"]
[BlackClock "0:00:09"]
[Board "6"]

1. c4 e6 2. Nf3 d5 3. e3 Nf6 4. b3 dxc4 5. Bxc4 a6 6. a4 c5 7. Bb2 Nc6 8. O-O Bd6 9. d4 O-O 10. dxc5 Bxc5 11. Nbd2 Qe7 12. Rc1 e5 13. Qc2 Bd6 14. Rfd1 Bg4 15. Ne4 Rad8 16. Ng3 g6 17. h3 Bxf3 18. gxf3 Bb8 19. Qb1 Rxd1+ 20. Rxd1 Rd8 21. Rxd8+ Qxd8 22. Qd3 Qxd3 23. Bxd3 Na5 24. Bc2 Nd5 25. Ba3 f5 26. b4 Bd6 27. bxa5 Bxa3 28. Bb3 1-0


[Site "https://www.chess.com"]

[Event "Titled Tuesday Blitz June 20 Early 2023"]
[White "Jones, Gawain C B"]
[Black "Lazavik, Denis"]
[WhiteFideId "409561"]
[BlackFideId "13515110"]
[WhiteElo "2645"]
[BlackElo "2560"]
[Result "1-0"]
[Round "4"]
[TimeControl "180+2"]
[Date "2023.06.20"]
[WhiteClock "0:00:06"]
[BlackClock "0:00:03"]
[Board "7"]

1. Nf3 d5 2. c4 c6 3. b3 Nf6 4. Bb2 Bf5 5. g3 e6 6. Bg2 h6 7. O-O Be7 8. d3 O-O 9. Nbd2 Nbd7 10. Ne5 a5 11. e4 dxe4 12. dxe4 Bh7 13. a3 Nxe5 14. Bxe5 Nd7 15. Bc3 Bf6 16. Qc2 Qe7 17. Qb2 Bxc3 18. Qxc3 Rfd8 19. b4 Qf6 20. Rac1 Qxc3 21. Rxc3 axb4 22. axb4 Nf6 23. e5 Rxd2 24. exf6 gxf6 25. b5 Rc8 26. bxc6 bxc6 27. c5 Bd3 28. Ra1 Bb5 29. h4 Rcd8 30. Ra7 f5 31. Bf3 Rb2 32. Bh5 Rf8 33. Rd7 Kg7 34. g4 fxg4 35. Bxg4 Kf6 36. Rf3+ Ke5 37. Re3+ Kf6 38. Rf3+ Kg6 39. Bxe6 Rb1+ 40. Kh2 f5 41. h5+ Kg5 42. Rg7+ Kf6 43. Rg6+ Ke5 44. Rxh6 Rb4 45. Re3+ Kd4 46. Rg6 Kxc5 47. h6 Rh8 48. Rh3 Rf4 49. Kg3 Re4 50. Bxf5 Re5 51. Kf4 Re2 52. f3 Bc4 53. Rh5 Bd5 54. Be4 Rf8+ 55. Kg3 Kd4 56. Bxd5 cxd5 57. h7 Rh8 58. Rg8 Re8 59. Rxe8 1-0


[Site "https://www.chess.com"]